 Dungeon Crawl Stone Soup version 0.15.1-3-g1b33baa (webtiles) character file.

54944 Johnny the Frost Mage (level 14, -1/115 HPs)
             Began as a Demigod Ice Elementalist on Oct 6, 2014.
             Slain by a wolf spider (5 damage)
             ... on Level 1 of the Spider Nest.
             The game lasted 02:46:33 (32805 turns).

Johnny the Frost Mage (Demigod Ice Elementalist)   Turns: 32805, Time: 02:46:34

HP  -1/115       AC 24     Str 13      XL: 14   Next:  4%
MP   0/32        EV 17     Int 27      God:
Gold 616         SH  0     Dex 23      Spells:  7 memorised,  5 levels left

rFire  . . .     SeeInvis .     X - +6 flail (protect)
rCold  . . .     Clarity  .     R - +3 ring mail {MR+}
rNeg   + . .     rCorr    .     (no shield)
rPois  +         rRot     .     e - +2 hat of the Bear Spirit {Spirit, +Rage rN+ MR++}
rElec  .         Spirit   +     q - +2 cloak {rPois}
SustAb .         Warding  .     S - +0 pair of gloves {archery}
rMut   +         Rnd*Tele +     A - +2 pair of boots of Tartarus {rPois Stlth+}
Gourm  .                        p - amulet of resist mutation
MR     ++++.                    F - +3 ring of evasion
                                g - ring "Iriac" {+/*Tele Str+2 Dex+4}

@: very slightly contaminated, hasted, very quick, incredibly resistant to
hostile enchantments, quite stealthy
A: no striking features
a: Evoke Berserk Rage, Evoke Teleportation


You were on level 1 of the Spider Nest.
You were hungry.

You visited 4 branches of the dungeon, and saw 24 of its levels.
You also visited: Labyrinth.

You collected 2480 gold pieces.
You spent 1864 gold pieces at shops.

Inventory:

Hand weapons
 X - a +6 flail of protection (weapon)
Armour
 e - the +2 hat of the Bear Spirit (worn) {Spirit, +Rage rN+ MR++}
   (You bought it in a shop on level 4 of the Orcish Mines)

   It protects you from negative energy.
   It affects your resistance to hostile enchantments.
   It lets you go berserk.
 o - the -4 pair of gloves of an ossuary {+Fly SInv}
   (You found it on level 1 of the Spider Nest)

   It enhances your eyesight.
   It lets you fly.
 q - a +2 cloak of poison resistance (worn)
 A - the +2 pair of boots of Tartarus (worn) {rPois Stlth+}
   (You bought it in a shop on level 5 of the Dungeon)

   It protects you from poison.
   It makes you more stealthy.
 R - a +3 ring mail of magic resistance (worn)
 S - a +0 pair of gloves of archery (worn)
Magical devices
 b - a wand of disintegration (5)
 d - a wand of paralysis (17)
 i - a wand of invisibility (2)
 k - a wand of cold (2)
 w - a wand of confusion (13)
 y - a wand of slowing (11)
 E - a wand of fire (6)
 G - a wand of lightning (5)
 K - a wand of digging (3)
 M - a wand of teleportation (0)
 N - a wand of fireball (1)
 O - a wand of disintegration (5)
Comestibles
 c - 11 bread rations
 f - 12 slices of pizza
 m - 9 royal jellies
 n - 12 meat rations
 u - a rotting chunk of jumping spider flesh
 H - a beef jerky
Scrolls
 h - a scroll of magic mapping
 r - 2 scrolls of remove curse
 s - a scroll of amnesia
 v - a scroll of vulnerability
 z - a scroll of silence
 B - a scroll of holy word
 I - 4 scrolls of fog
Jewellery
 g - the ring "Iriac" (left hand) {+/*Tele Str+2 Dex+4}
   (You bought it in a shop on level 4 of the Dungeon)

   [ring of teleportation]

   It causes random teleportation, and can be evoked to teleport at will.
   It affects your strength (+2).
   It affects your dexterity (+4).
 j - an uncursed ring of see invisible
 p - an amulet of resist mutation (around neck)
 D - an uncursed ring of positive energy
 F - a +3 ring of evasion (right hand)
 Q - an uncursed ring of invisibility
Potions
 a - a potion of flight
 l - 5 potions of brilliance
 t - a potion of cure mutation
 x - a potion of might {unknown}
 U - 6 potions of curing
 W - a potion of haste
Miscellaneous
 T - a fan of gales (inert)
 Z - a lamp of fire


   Skills:
 * Level 8.2 Fighting
 + Level 5.9 Armour
 + Level 6.3 Dodging
 * Level 8.3 Stealth
 * Level 8.0 Spellcasting
 * Level 6.8 Conjurations
 * Level 5.2 Hexes
 * Level 6.3 Charms
 * Level 8.0 Summonings
 * Level 8.9 Ice Magic
 * Level 7.0 Evocations


You had 5 spell levels left.
You knew the following spells:

 Your Spells              Type           Power        Failure   Level  Hunger
a - Freeze                Ice            ####         1%          1    None
b - Summon Ice Beast      Ice/Summ       ######..     1%          4    ##.....
c - Dazzling Spray        Conj/Hex       #####...     1%          3    None
d - Throw Icicle          Conj/Ice       ######..     2%          4    ##.....
e - Ozocubu's Armour      Chrm/Ice       ######..     1%          3    None
f - Enslavement           Hex            #####...     10%         4    ##.....
g - Shadow Creatures      Summ           N/A          8%          5    ####...


Dungeon Overview and Level Annotations

Branches:
Dungeon (11/15)            Temple (0/1) D:4             Orc (4/4) D:11
    Elf (0/3) Orc:3          Lair (8/8) D:8          Shoals (0/5) Lair:6
 Spider (1/5) Lair:5        Slime (0/6) Lair:7

Shops:
D:4 =   D:5 [   D:7 ?   Orc:1 %   Orc:4 ?([[

Annotations:
D:10 exclusion: silver statue
Lair:7 Rupert


Message History

* * * LOW HITPOINT WARNING * * *
The jumping spider bites you but does no damage.
The wolf spider hits you!
* * * LOW HITPOINT WARNING * * *
The wolf spider completely misses you.
The wolf spider hits you but does no damage.
The wolf spider closely misses you. The jumping spider barely misses you.
The jumping spider closely misses you.
Drink which item? (? for menu, Esc to quit)
You feel yourself speed up. The wolf spider completely misses you.
The wolf spider bites you but does no damage.
The wolf spider hits you!
* * * LOW HITPOINT WARNING * * *
The wolf spider closely misses you. The jumping spider barely misses you.
The jumping spider bites you but does no damage.
The wolf spider hits you but does no damage.
The wolf spider bites you!
* * * LOW HITPOINT WARNING * * *
The wolf spider hits you.
You die...

####.....# .. .........#
.. .#.#.....# .s
.#.......# . ......#..#
###########. . .}..######
###...##....... . ......#
#<.......s.........
......#
##.....s.............#
...#.##
#.....@s.............##
..####
##.#...s...........#.#.
.##
##......s......≈.....#..
##
##..#.#........≈.≈.......
#
##...........Y...###......
#..##.........s..###......
##..#...........Y.##......
#..#..............s......
#####
##..........##...........


You could see 2 wolf spiders, an orb spider, a jumping spider, 2 spiders and a
friendly ice beast.

Vanquished Creatures
  An orc warlord (Orc:4)
  A hydra (Lair:1)
  Erica (Lair:3)
  A ravenous item mimic (Lair:7)
  2 catoblepae
  4 orc knights
  A griffon (Lair:6)
  2 wolf spiders (Spider:1)
  A manticore (Lair:6)
  5 elephants
  4 spiny frogs
  4 black mambas
  5 gargoyles
  6 komodo dragons
  4 fire drakes
  2 trolls
  A jumping spider (Spider:1)
  2 two-headed ogres
  A polar bear (Lair:8)
  5 trapdoor spiders
  4 blink frogs
  3 ice beasts
  9 orc warriors
  3 basilisks
  2 hill giant zombies
  A redback (Spider:1)
  Eustachio (D:4)
  The ghost of Johnny the Chiller, an average DgIE (D:4)
  6 wyverns (Lair:6)
  5 hippogriffs
  3 steam dragons
  9 yaks
  A deep elf fighter (D:8)
  A mottled dragon (Lair:6)
  A vampire mosquito (Lair:8)
  5 water moccasins
  9 porcupines
  5 spiders
  3 sky beasts
  3 phantoms
  A boring beetle (Lair:5)
  12 ogres
  4 centaurs
  8 crocodiles
  Duvessa (D:9)
  7 giant frogs
  A troll zombie (D:11)
  A yak zombie (D:7)
  2 scorpions
  9 killer bees
  A giant frog zombie (D:8)
  10 hounds
  2 crimson imps
  5 jellies
  Crazy Yiuf (D:2)
  20 orc priests
  2 orange rats
  An elf skeleton (D:7)
  A giant frog skeleton (D:8)
  19 orc wizards
  A black bear skeleton (D:8)
  6 worker ants
  8 iguanas
  A sky beast zombie (D:7)
  2 ogre zombies (D:11)
  A mummy (D:11)
  A worker ant zombie (D:6)
  7 gnolls
  22 adders
  5 giant mites
  19 green rats
  A shadow imp (D:6)
  A white imp (D:5)
  A giant mite (shapeshifter) (D:3)
  2 ufetubi
  3 worms
  8 orc zombies
  An adder skeleton (D:5)
  100 orcs
  19 bats
  A bat zombie (D:5)
  21 goblins
  20 hobgoblins
  10 kobolds
  13 quokkas
  A ball python (D:2)
  A giant cockroach (D:2)
  5 giant geckos
  A giant gecko skeleton (D:7)
  5 giant newts
  2 giant spores (D:10)
  A goblin skeleton (D:11)
  A goblin zombie (D:11)
  2 hobgoblin skeletons (D:11)
  A hobgoblin zombie (D:11)
  10 jackals
  2 orc skeletons
  24 rats
  A rat zombie (D:5)
  4 ballistomycetes
  6 plants
577 creatures vanquished.

Vanquished Creatures (collateral kills)
  2 orc warlords (Orc:4)
  A minotaur (Lab)
  6 hydras
  The ghost of Turgon the Basher, an experienced DsVM of Ashenzari (D:11)
  A catoblepas (Lair:7)
  Urug (Orc:3)
  A sun demon (D:10)
  Pikel (D:9)
  2 hill giants (D:10)
  2 orc sorcerers
  2 griffons
  An orc knight (Orc:4)
  A sixfirhy (D:10)
  3 wolf spiders (Spider:1)
  2 oklob plants (Lair:7)
  7 elephants
  A black mamba (Lair:3)
  A torpor snail (Lair:8)
  Psyche (D:8)
  3 komodo dragons
  19 spiny frogs
  4 trolls
  A queen bee (Lair:5)
  6 fire drakes
  A polar bear (Lair:8)
  7 jumping spiders (Spider:1)
  A minotaur skeleton (Lab)
  4 giant leeches (Lair:8)
  A two-headed ogre (D:9)
  9 blink frogs
  A wandering mushroom (Lair:8)
  A spriggan (Lair:4)
  A basilisk (Lair:5)
  A deep elf mage (D:11)
  2 trapdoor spiders (Spider:1)
  17 yaks
  6 redbacks (Spider:1)
  A tarantella (Spider:1)
  A wyvern (Lair:6)
  A steam dragon (Lair:6)
  9 hippogriffs
  A hungry ghost (D:11)
  6 vampire mosquitoes
  17 orc warriors
  5 water moccasins
  4 porcupines
  A swamp drake (Lair:6)
  A black bear (D:6)
  2 ice beasts
  11 spiders
  2 slaves (D:9)
  3 boring beetles (Lair:8)
  A phantom (D:11)
  9 ogres
  4 big kobolds
  14 crocodiles
  14 giant frogs
  2 centaurs (D:8)
  2 gnoll sergeants (D:8)
  A scorpion (D:7)
  17 killer bees
  A troll skeleton (Lab)
  4 wights (D:7)
  3 electric eels
  A hippogriff skeleton (D:9)
  A jelly (D:8)
  A goliath beetle (D:6)
  Dowan (D:9)
  10 hounds
  3 crimson imps
  A gnoll shaman (D:8)
  23 orc wizards
  2 worker ants (D:9)
  3 iguanas
  12 orc priests
  4 orange rats
  7 sheep
  3 ogre zombies
  A hound zombie (D:8)
  An ogre skeleton (D:7)
  9 gnolls
  11 adders
  54 green rats
  2 shadow imps
  An ufetubus (D:10)
  A worm (D:4)
  An iguana skeleton (D:5)
  A giant gecko (D:8)
  100 orcs
  11 hobgoblins
  A jackal (D:10)
  6 quokkas
  5 bats
  A goblin (Orc:3)
  2 hobgoblin skeletons (D:11)
  A hobgoblin zombie (D:11)
  13 kobolds
  3 orc skeletons
  3 orc zombies
  7 rats (D:8)
  2 ballistomycetes (D:7)
  A butterfly (Lair:6)
  A fungus (D:8)
  2 plants (Lair:5)
572 creatures vanquished.

Vanquished Creatures (others)
  A hydra (Lair:7)
  An air elemental (Orc:4)
  A trapdoor spider (Spider:1)
  A warg (Orc:4)
  A porcupine (Lair:7)
  An orc warrior (Orc:4)
  2 slaves (D:9)
  A sky beast (D:7)
  An ogre (Orc:4)
  144 ice beasts
  A killer bee (shapeshifter) (D:8)
  A gnoll (D:8)
  2 green rats (Lair:1)
  11 orcs
  3 goblins (Orc:4)
  2 hobgoblins (Orc:4)
  A giant spore (D:7)
  3 fungi
  10 plants
188 creatures vanquished.

Grand Total: 1337 creatures vanquished

Notes
Turn   | Place    | Note
--------------------------------------------------------------
     0 | D:1      | Johnny, the Demigod Ice Elementalist, began the quest for the Orb.
     0 | D:1      | Reached XP level 1. HP: 14/14 MP: 3/3
   466 | D:1      | Reached XP level 2. HP: 19/22 MP: 1/5
   615 | D:1      | Reached skill level 3 in Ice Magic
   974 | D:2      | Reached XP level 3. HP: 20/27 MP: 0/8
  1047 | D:2      | Reached skill level 1 in Armour
  1154 | D:2      | Noticed Crazy Yiuf
  1167 | D:2      | Killed Crazy Yiuf
  1167 | D:2      | Reached XP level 4. HP: 32/34 MP: 0/11
  1313 | D:2      | Found a white marble altar of Elyvilon.
  1375 | D:2      | Learned a level 4 spell: Summon Ice Beast
  1691 | D:3      | Noticed a centaur
  1710 | D:3      | Killed a centaur
  1710 | D:3      | Reached skill level 1 in Fighting
  1710 | D:3      | Reached skill level 1 in Summonings
  1710 | D:3      | Reached XP level 5. HP: 29/40 MP: 3/12
  2176 | D:4      | Noticed Eustachio
  2232 | D:4      | Found Zosuy's Jewellery Emporium.
  2409 | D:4      | Reached XP level 6. HP: 43/47 MP: 12/17
  2493 | D:4      | Noticed Johnny's ghost (average DgIE)
  2515 | D:5      | Entered Level 5 of the Dungeon
  3274 | D:5      | Reached skill level 4 in Ice Magic
  3274 | D:5      | Reached XP level 7. HP: 15/56 MP: 13/19
  3403 | D:5      | Found Umuorion's Antique Armour Shop.
  3447 | D:5      | Bought a pair of gloves for 121 gold pieces
  4124 | D:4      | Killed Johnny's ghost
  4534 | D:4      | Found a staircase to the Ecumenical Temple.
  4806 | D:4      | Killed Eustachio
  4806 | D:4      | Reached skill level 1 in Evocations
  4806 | D:4      | Reached XP level 8. HP: 46/63 MP: 13/21
  5918 | D:7      | Found Zivopur's Magic Scroll Shoppe.
  5927 | D:7      | Bought a scroll of identify for 22 gold pieces
  5927 | D:7      | Bought a scroll of remove curse for 33 gold pieces
  5927 | D:7      | Bought a scroll of teleportation for 33 gold pieces
  5999 | D:7      | Reached skill level 5 in Ice Magic
  6054 | D:7      | Reached XP level 9. HP: 34/71 MP: 3/23
  6190 | D:7      | Reached skill level 5 in Spellcasting
  6518 | D:8      | Learned a level 4 spell: Throw Icicle
  6598 | D:8      | Reached skill level 1 in Conjurations
  6782 | D:8      | Learned a level 3 spell: Ozocubu's Armour
  6794 | D:8      | Reached skill level 5 in Fighting
  6836 | D:8      | Got a heavy robe
  6847 | D:8      | Identified the +2 robe of Insatiable Hunger {+Rage rElec} (You found it on level 8 of the Dungeon)
  7184 | D:8      | Reached skill level 5 in Summonings
  7394 | D:8      | Noticed Psyche
  7417 | D:8      | Killed Psyche
  7593 | D:8      | Found a staircase to the Lair.
  8166 | D:5      | Bought a pair of ichor-stained boots for 256 gold pieces
  8178 | D:5      | Identified the +2 pair of boots of Tartarus {rPois Stlth+} (You bought it in a shop on level 5 of the Dungeon)
  8343 | Lair:1   | Entered Level 1 of the Lair of Beasts
  8372 | Lair:1   | Noticed an eight-headed hydra
  8384 | Lair:1   | Killed an eight-headed hydra
  8384 | Lair:1   | Reached skill level 6 in Ice Magic
  8384 | Lair:1   | Reached XP level 10. HP: 78/81 MP: 6/25
  8638 | Lair:1   | Reached skill level 5 in Stealth
  9988 | Lair:2   | Reached skill level 1 in Charms
 10311 | Lair:3   | Noticed Erica
 10774 | Lair:3   | Killed Erica
 10875 | Lair:3   | Noticed a seven-headed hydra
 10882 | Lair:3   | Killed a seven-headed hydra
 11143 | Lair:3   | Found a bloodstained altar of Trog.
 11227 | Lair:3   | Reached XP level 11. HP: 35/89 MP: 22/27
 12213 | Lair:4   | Noticed an eight-headed hydra
 12398 | Lair:4   | Reached skill level 7 in Ice Magic
 12561 | Lair:4   | Killed an eight-headed hydra
 12698 | Lair:4   | Reached skill level 5 in Dodging
 12780 | Lair:4   | Noticed a catoblepas
 12801 | Lair:4   | Killed a catoblepas
 13767 | Lair:5   | Found a hole to the Spider Nest.
 13789 | Lair:5   | Reached skill level 5 in Evocations
 14259 | Lair:5   | Got an encrusted leather armour
 14278 | Lair:5   | Identified the cursed -1 leather armour of the Shining One's Hope {Str+2 Dex+3} (You found it on level 5 of the Lair of Beasts)
 14306 | Lair:5   | Reached skill level 5 in Armour
 14359 | Lair:5   | Learned a level 3 spell: Dazzling Spray
 15182 | Lair:6   | Reached skill level 1 in Hexes
 15250 | Lair:6   | Learned a level 4 spell: Enslavement
 15255 | Lair:6   | Learned a level 4 spell: Condensation Shield
 15308 | Lair:6   | Reached skill level 5 in Conjurations
 15550 | Lair:6   | Reached XP level 12. HP: 85/97 MP: 8/29
 15799 | Lair:6   | Found a staircase to the Shoals.
 16040 | Lair:6   | Noticed a catoblepas
 16117 | Lair:7   | Killed a four-headed hydra
 16248 | Lair:6   | Killed a catoblepas
 16798 | Lair:6   | Noticed a four-headed hydra
 16799 | Lair:6   | Killed a four-headed hydra
 17735 | Lair:7   | Found a staircase to the Slime Pits.
 17891 | Lair:7   | Noticed Rupert
 17968 | Lair:7   | Paralysed by Rupert for 6 turns
 17976 | Lair:8   | Entered Level 8 of the Lair of Beasts
 17976 | Lair:8   | Noticed an eight-headed hydra
 18959 | Lair:8   | Killed an eight-headed hydra
 19120 | Lair:8   | Reached skill level 5 in Charms
 19318 | Lair:8   | Reached skill level 8 in Ice Magic
 20010 | Lair:8   | Reached XP level 13. HP: 98/105 MP: 21/31
 20078 | Lair:8   | Noticed a five-headed hydra
 20196 | Lair:8   | Killed a five-headed hydra
 21195 | D:8      | Noticed a black mamba
 21205 | D:8      | Killed a black mamba
 21401 | D:9      | Noticed Pikel
 21416 | D:9      | Killed Pikel
 21800 | D:9      | Noticed Dowan
 21802 | D:9      | Noticed Duvessa
 21808 | D:9      | Killed Dowan
 21812 | D:9      | Killed Duvessa
 22292 | D:10     | Entered Level 10 of the Dungeon
 22785 | D:10     | Got an ichor-stained demon trident
 22889 | D:10     | Identified the +10 demon trident of Korphuuro {freeze, +Rage rElec rPois} (You found it on level 10 of the Dungeon)
 23619 | D:11     | Found a staircase to the Orcish Mines.
 24109 | D:11     | Noticed Turgon's ghost (experienced DsVM)
 24174 | D:11     | Killed Turgon's ghost
 24468 | Orc:1    | Entered Level 1 of the Orcish Mines
 25010 | Orc:1    | Found Yruasur's Food Shoppe.
 25141 | Orc:2    | Found a roughly hewn altar of Beogh.
 25813 | Orc:3    | Found a bloodstained altar of Trog.
 26154 | Orc:3    | Found a staircase to the Elven Halls.
 26227 | Orc:3    | Found a roughly hewn altar of Beogh.
 26233 | Orc:3    | Noticed Urug
 26257 | Orc:3    | Killed Urug
 26511 | Orc:4    | Entered Level 4 of the Orcish Mines
 26521 | Orc:4    | Found a roughly hewn altar of Beogh.
 26528 | Orc:4    | Found a labyrinth entrance.
 26556 | Orc:4    | Found a roughly hewn altar of Beogh.
 26586 | Orc:4    | Found Zetieq's Armour Shop.
 26618 | Lab      | Entered a labyrinth
 27807 | Lab      | Got a faintly humming scale mail
 27819 | Lab      | Identified the +0 scale mail of Psoiwuaso {+Blink rC+ Int+2} (You found it in a labyrinth)
 28153 | Orc:4    | Learned a level 5 spell: Shadow Creatures
 28217 | Orc:4    | Bought the +2 hat of the Bear Spirit {Spirit, +Rage rN+ MR++} for 519 gold pieces
 28480 | Orc:4    | Noticed an orc warlord
 28494 | Orc:4    | Killed an orc warlord
 28733 | Orc:4    | Found a roughly hewn altar of Beogh.
 28841 | Orc:4    | Found Onaaxzoy's Magic Scroll Shoppe.
 28971 | Orc:4    | Found a roughly hewn altar of Beogh.
 29197 | Orc:4    | Noticed an orc warlord
 29221 | Orc:4    | Killed an orc warlord
 29395 | Orc:4    | Found a roughly hewn altar of Beogh.
 29696 | Orc:4    | Noticed an orc warlord
 29892 | Orc:4    | Killed an orc warlord
 29892 | Orc:4    | Reached skill level 5 in Hexes
 30121 | Orc:4    | Found a roughly hewn altar of Beogh.
 30122 | Orc:4    | Found Imatiur's Antique Weapon Boutique.
 30125 | Orc:4    | Found Jiceusar's Antique Armour Shop.
 30130 | Orc:4    | Bought a distressingly furry ring mail for 243 gold pieces
 30148 | Orc:4    | Identified the cursed +0 ring mail "Chuow" {rC+} (You bought it in a shop on level 4 of the Orcish Mines)
 30275 | Orc:4    | Bought a scroll of identify for 32 gold pieces
 30275 | Orc:4    | Bought a scroll of identify for 32 gold pieces
 31452 | D:4      | Bought the ring "Iriac" {+/*Tele Str+2 Dex+4} for 408 gold pieces
 31452 | D:4      | Bought an uncursed ring of see invisible for 165 gold pieces
 31826 | Spider:1 | Entered Level 1 of the Spider Nest
 32515 | Spider:1 | Got a pair of faintly humming gloves
 32527 | Spider:1 | Identified the cursed -4 pair of gloves of an ossuary {+Fly SInv} (You found it on level 1 of the Spider Nest)
 32556 | Spider:1 | Reached XP level 14. HP: 96/115 MP: 10/32
 32730 | Spider:1 | Identified a scroll of acquirement
 32805 | Spider:1 | HP: 4/115 [wolf spider (7)]
 32805 | Spider:1 | Slain by a wolf spider

Action                   |  1- 3 |  4- 6 |  7- 9 | 10-12 | 13-15 || total
-------------------------+-------+-------+-------+-------+-------++-------
Melee: Unarmed           |    21 |       |       |       |       ||    21
       Club              |    28 |       |       |       |       ||    28
       Short sword       |    13 |       |   175 |       |       ||   188
       Quarterstaff      |       |   135 |     3 |       |       ||   138
       Trident           |       |       |   116 |       |       ||   116
       Flail             |       |       |   200 |   729 |   798 ||  1727
Throw: Tomahawk          |       |       |     8 |       |       ||     8
 Cast: Freeze            |    50 |    48 |    69 |   152 |    46 ||   365
       Summon Ice Beast  |       |     2 |    67 |   246 |   223 ||   538
       Throw Icicle      |       |       |    11 |    46 |    80 ||   137
       Ozocubu's Armour  |       |       |     3 |    40 |     5 ||    48
       Dazzling Spray    |       |       |       |    28 |    20 ||    48
       Condensation Shie |       |       |       |     3 |       ||     3
       Enslavement       |       |       |       |    18 |    22 ||    40
       Shadow Creatures  |       |       |       |       |    20 ||    20
 Abil: Evoke Invisibilit |       |       |       |       |     2 ||     2
       Evoke Teleportati |       |       |       |       |     1 ||     1
Evoke: Wand              |       |       |    12 |    36 |    26 ||    74
       Fan of gales      |       |       |       |       |     2 ||     2
       Lamp of fire      |       |       |       |       |     1 ||     1
  Use: Potion            |     1 |     2 |     1 |     2 |     5 ||    11
       Scroll            |       |     8 |     7 |    17 |    16 ||    48
 Stab: Sleeping          |       |     3 |     3 |    19 |    21 ||    46
       Paralysed         |       |     5 |       |       |       ||     5
       Distracted        |       |       |     2 |    14 |    10 ||    26
       Confused          |       |       |       |     2 |       ||     2
  Eat: Chunk             |     1 |     9 |    27 |    57 |    46 ||   140
       Beef jerky        |       |       |     1 |     2 |     3 ||     6
       Fruit             |       |       |       |     6 |     1 ||     7
       Royal jelly       |       |       |       |       |     2 ||     2
       Meat ration       |       |       |       |       |     1 ||     1
